 Dungeon Crawl Stone Soup version 0.29-a0-322-g68df515428 (webtiles) character file.

Game seed: 3559799554283208264

2 calli0pe the Ruffian (level 1, -1/18 HPs)
             Began as a Human Berserker on Apr 8, 2022.
             Was a Follower of Trog.
             Slain by a jackal (2 damage)
             ... on level 1 of the Dungeon.
             The game lasted 00:00:29 (58 turns).

calli0pe the Ruffian (Human Berserker)                Turns: 58, Time: 00:00:30

Health: -1/18      AC:  2    Str: 17    XL:     1   Next: 33%
Magic:  1/1        EV: 12    Int:  7    God:    Trog [*.....]
Gold:   0          SH:  0    Dex: 12    Spells: 0/0 levels left

rFire   . . .      SeeInvis .     - Unarmed
rCold   . . .      Faith    .   (no shield)
rNeg    . . .      Spirit   .   b - +0 robe
rPois   .          Reflect  .   (no helmet)
rElec   .          Harm     .   (no cloak)
rCorr   .          Rampage  .   (no gloves)
Will    .....                   (no boots)
Stlth   +.........              (no amulet)
HPRegen 0.06/turn               (no ring)
MPRegen 0.07/turn               (no ring)

@: no status effects
A: no striking features
a: Renounce Religion, Berserk


You were on level 1 of the Dungeon.
You worshipped Trog.
Trog was aware of your devotion.
You visited 1 branch of the dungeon, and saw 1 of its levels.

Inventory:

Armour
 a - a +0 animal skin
 b - a +0 robe (worn)


   Skills:
 + Level 3.0 Fighting
 + Level 2.0 Armour
 + Level 2.0 Dodging
 + Level 3.0 Unarmed Combat


You couldn't memorise any spells.
You didn't know any spells.
Your spell library was empty.

Dungeon Overview and Level Annotations

Branches:
Dungeon (1/15)

Altars:


Message History

You hit the rat.
The rat is severely wounded.
The giant cockroach bites you but does no damage.
The rat completely misses you.
The giant cockroach bites you but does no damage.
You closely miss the giant cockroach. The rat barely misses you.
The giant cockroach bites you but does no damage.
You closely miss the giant cockroach. The rat closely misses you.
The giant cockroach closely misses you.
You hit the giant cockroach but do no damage.
The rat barely misses you.
The giant cockroach bites you but does no damage.
You hit the rat but do no damage.
The rat is severely wounded.
The giant cockroach barely misses you. The rat barely misses you.
You hit the rat.
You kill the rat!
Trog accepts your kill. The giant cockroach bites you. The jackal bites you.
You barely miss the jackal. Your punch misses the jackal.
The giant cockroach bites you but does no damage.
The jackal bites you.
You hit the giant cockroach but do no damage.
The giant cockroach bites you. The jackal bites you.
The giant cockroach bites you.
You closely miss the giant cockroach. The jackal bites you.
* * * LOW HITPOINT WARNING * * *
The giant cockroach waves its antennae.
The giant cockroach bites you but does no damage.
The jackal bites you.
* * * LOW HITPOINT WARNING * * *
You hit the giant cockroach.
The giant cockroach is heavily wounded.
The jackal closely misses you. The giant cockroach misses you.
You barely miss the giant cockroach.
The giant cockroach is heavily wounded.
The jackal closely misses you. The giant cockroach bites you.
* * * LOW HITPOINT WARNING * * *
You barely miss the jackal. The jackal bites you.
You die...

###############
#.............#
#.$?..JBh.....#
#.....BBJB....#
#######h####### #####
#.....B@......#......
+⌠....###....⌠'..#
#......<......#..#
#..⌠...>...⌠..# ##
###'#######'### ....
.... ##..## ##.#..
#..# #. ... .... ..
..##


You could see 2 endoplasms, 2 jackals and 5 giant cockroaches.

Vanquished Creatures
  A giant cockroach (D:1)
  A rat (D:1)
2 creatures vanquished.

Notes
Turn   | Place    | Note
-------+----------+-------------------------------------------
     0 | D:1      | calli0pe the Human Berserker began the quest for the Orb.
     0 | D:1      | Reached XP level 1. HP: 18/18 MP: 1/1
     1 | D:1      | Found a runed translucent door.
    58 | D:1      | Slain by a jackal

Illustrated notes

Levels and vault maps discovered:
D:1:      dpeg_arrival_caged_fury, layout_rooms, minmay_gold_behind_fungi,
          kennysheep_nondescript, kennysheep_minor_cross, serial_bayou_pond_d

Action                   || total
-------------------------++-------
Melee: Unarmed           ||    14
Armor: Robe              ||     6
Dodge: Dodged            ||    10

Table legend: (Time is in decaauts)
 A = Elapsed time spent in this place.
 B = Non-inter-level travel time spent in this place.
 C = Inter-level travel time spent in this place.
 D = Time resting spent in this place.
 E = Time spent auto-exploring this place.
 F = Levels seen in this place.
 G = Mean time per level.
                   A        B        C        D        E       F      G
               +--------+--------+--------+--------+--------+-----+--------+
         Total |     57 |     57 |      0 |      0 |      0 |   1 |   57.0 |
       Dungeon |     57 |     57 |      0 |      0 |      0 |   1 |   57.0 |
               +--------+--------+--------+--------+--------+-----+--------+

Top non-repeatable levels by time:
     D:1: 57 daAuts
